 Dungeon Crawl Stone Soup version 0.30-a0-341-g682706514a (webtiles) character file.

Game seed: 15210755920489222418

1503 MrRokkomies the Trooper (level 8, -1/65 (74) HPs)
             Began as an Armataur Gladiator on Nov 4, 2022.
             Was a Follower of Dithmenos.
             Slain by a wight
             ... wielding a +3 halberd
              (9 damage)
             ... on level 6 of the Dungeon.
             The game lasted 00:05:26 (4059 turns).

MrRokkomies the Trooper (Armataur Gladiator)        Turns: 4059, Time: 00:05:28

HP:   -1/65 (74)    AC: 13    Str: 22    XL:     8   Next: 52%
MP:   11/11         EV:  8    Int:  8    God:    Dithmenos [*.....]
Gold: 448           SH:  0    Dex: 12    Spells: 7/7 levels left

rFire   + . .      SeeInvis +    a - +4 quarterstaff (chaos)
rCold   . . .      Faith    .    (shield currently unavailable)
rNeg    . . .      Spirit   .    b - +0 leather armour
rPois   .          Reflect  .    c - +0 helmet
rElec   .          Harm     .    u - +0 cloak
rCorr   .          Roll     +    t - +0 pair of gloves
Will    .....                    o - +0 barding
Stlth   ++........               (no amulet)
HPRegen 0.30/turn                p - ring of protection from fire
MPRegen 0.12/turn                z - ring of see invisible

@: wreathed by umbra, heavily drained
A: large, rugged brown scales 3, deformed body, armoured tail, roll, long
tongue, awkward tongue
a: Renounce Religion


You were on level 6 of the Dungeon.
You worshipped Dithmenos.
Dithmenos was aware of your devotion.
You visited 1 branch of the dungeon, and saw 6 of its levels.

You collected 448 gold pieces.

Inventory:

Hand Weapons
 a - a +4 quarterstaff of chaos (weapon)
Missiles
 d - 3 throwing nets (quivered)
 e - a javelin
 j - 4 poisoned darts
Armour
 b - a +0 leather armour (worn)
 c - a +0 helmet (worn)
 o - a +0 barding (worn)
 t - a +0 pair of gloves (worn)
 u - a +0 cloak (worn)
Jewellery
 p - a ring of protection from fire (left hand)
 q - a ring of wizardry
 z - a ring of see invisible (right hand)
Wands
 y - a wand of flame (18)
Scrolls
 f - a scroll of silence
 h - 2 scrolls of blinking
 l - a scroll of amnesia
 m - 4 scrolls of teleportation
Potions
 g - a potion of ambrosia {unknown}
 i - 3 potions of lignification
 k - 2 potions of haste {unknown}
 n - 2 potions of brilliance
 r - a potion of flight {unknown}
 s - a potion of heal wounds {unknown}
 v - a potion of resistance {unknown}
 w - a potion of curing {unknown}
 x - a potion of might {unknown}


   Skills:
 * Level 6.1 Fighting
 - Level 2.6 Staves
 - Level 1.7 Throwing
 + Level 5.2 Armour
 + Level 4.0 Dodging
 + Level 3.1 Stealth
 * Level 4.4 Invocations


You had 7 spell levels left.
You didn't know any spells.
Your spell library contained the following spells:

 Spells                   Type           Power      Damage    Failure   Level
 Call Canine Familiar     Summ           0%         N/A       83%         3
 Inner Flame              Hex/Fire       0%         N/A       83%         3
 Portal Projectile        Hex/Tloc       0%         N/A       83%         3
 Cause Fear               Hex            0%         N/A       99%         4
 Leda's Liquefaction      Hex/Erth       0%         N/A       99%         4
 Discord                  Hex            0%         N/A       100%        8


Dungeon Overview and Level Annotations

Branches:
Dungeon (6/15)
 Temple: D:4-7

Altars:
Dithmenos
Vehumet


Innate Abilities, Weirdness & Mutations

You are completely covered in rugged brown scales. (AC +3, +7% HP)
Armour fits poorly on your strangely shaped body.
You have a long armoured tail.
You roll when moving toward enemies. (Rampage)
Your long tongue fully drains potion bottles. (2x potion effects)
Your tongue gives you trouble enunciating. (1.5x scroll delay)


Message History

You closely miss the adder.
Your tail-slap misses the adder.
The wight barely misses you. The adder bites you but does no damage.
You barely miss the adder. The adder barely misses you.
The wight closely misses you. The adder bites you but does no damage.
The wight hits you from afar with a +3 halberd!
You feel drained.
You hit the adder. You freeze the adder.
The adder is heavily wounded.
The adder bites you but does no damage.
The wight hits you from afar with a +3 halberd!
You miss the adder.
The adder is heavily wounded.
The adder bites you but does no damage. x2; The wight completely misses you.
You hit the adder.
You kill the adder!
Dithmenos accepts your kill. The wight barely misses you.
The wight hits you with a +3 halberd.
You feel drained.
You see here an adder corpse.
You are too injured to fight recklessly!
Unknown command.
You are too injured to fight recklessly!
You are too injured to fight recklessly!
You are too injured to fight recklessly!
You closely miss the wight. The wight hits you with a +3 halberd!
You feel drained.
You thump the wight! You burn the wight.
The wight is heavily damaged.
The wight hits you but does no damage.
You hit the wight but do no damage.
The wight is heavily damaged.
The wight closely misses you.
You hit the wight but do no damage.
The wight is heavily damaged.
The wight hits you with a +3 halberd!
* * * LOW HITPOINT WARNING * * *
You feel drained.
* * * LOW HITPOINT WARNING * * *
The wight hits you with a +3 halberd!
You die...

##### ###...##
+...$..##
#.$#.#..##
#...#.$.$#
#?$#.#z.######
#...$@.##....##
###...##......##
###'#..#..#..###
#.#...##...'.##
#.#...##...'..#
#.'..#..#).##.#
#.##...†..##..####
#.###....##......#
#.# ######.......#


You could see a wight.

Vanquished Creatures
  Sigmund (D:3)
  Edmund (D:6)
  An ice beast (D:5)
  A black bear (D:5)
  A centaur (D:5)
  2 ogres
  A necrophage (D:5)
  2 scorpions
  A bullfrog (D:6)
  Crazy Yiuf (D:2)
  2 hounds
  3 iguanas
  A gnoll bouda (D:5)
  An orc wizard (D:5)
  15 gnolls
  7 adders
  A white imp (D:5)
  4 ufetubi
  2 dart slugs
  7 orcs
  6 ball pythons
  9 endoplasms
  4 giant cockroaches
  A goblin (D:1)
  3 hobgoblins
  2 jackals (D:1)
  8 kobolds
  6 quokkas
  4 bats
  5 frilled lizards
  8 rats
111 creatures vanquished.

Notes
Turn   | Place    | Note
-------+----------+-------------------------------------------
     0 | D:1      | MrRokkomies the Armataur Gladiator began the quest for the
                  | Orb.
     0 | D:1      | Reached XP level 1. HP: 18/18 MP: 1/1
    28 | D:1      | Reached skill level 2 in Fighting
    77 | D:1      | Reached XP level 2. HP: 25/25 MP: 2/2
   127 | D:1      | Reached skill level 1 in Armour
   223 | D:1      | Found a faded altar of an unknown god.
   705 | D:2      | Reached XP level 3. HP: 32/32 MP: 3/3
   891 | D:2      | Found a runed translucent door.
   892 | D:2      | Noticed Crazy Yiuf
  1242 | D:2      | Killed Crazy Yiuf
  1243 | D:2      | Reached skill level 3 in Fighting
  1243 | D:2      | Reached XP level 4. HP: 40/40 MP: 4/4
  1561 | D:3      | Noticed Sigmund
  1578 | D:3      | Killed Sigmund
  1579 | D:3      | Reached skill level 4 in Fighting
  1579 | D:3      | Reached XP level 5. HP: 45/49 MP: 5/5
  1579 | D:3      | Reached XP level 6. HP: 51/55 MP: 6/6
  1675 | D:3      | Found a shadowy altar of Dithmenos.
  1676 | D:3      | Found a radiant altar of Vehumet.
  1837 | D:3      | Became a worshipper of Dithmenos the Shadowed
  2176 | D:4      | Reached skill level 1 in Invocations
  2970 | D:5      | Entered Level 5 of the Dungeon
  2977 | D:5      | Reached XP level 7. HP: 57/64 MP: 8/8
  3018 | D:5      | Reached skill level 5 in Fighting
  3042 | D:5      | Reached skill level 1 in Stealth
  3147 | D:5      | Reached * piety under Dithmenos
  3484 | D:5      | Reached XP level 8. HP: 73/73 MP: 10/10
  3801 | D:6      | Noticed Edmund
  3812 | D:6      | Killed Edmund
  3813 | D:6      | Reached skill level 5 in Armour
  3957 | D:6      | Reached skill level 6 in Fighting
  4059 | D:6      | Slain by a wight

Illustrated notes

Levels and vault maps discovered:
D:1:      minmay_arrival_four_houses, layout_basic,
          ebering_ecumenical_altar_box, corexii_leaking_fountain
D:2:      layout_basic, uniq_crazy_yiuf_cottage
D:3:      layout_basic, mainiacjoe_overflow_divided_tiny,
          minmay_close_crescents, uniq_sigmund
D:4:      layout_basic, minivault_23, chequers_serial_rivers_micro_e
D:5:      layout_loops_ring
D:6:      minmay_polygon_palace, layout_loops_ring, uniq_pikel, uniq_edmund

Skill      XL: |  1  2  3  4  5  6  7  8 |
---------------+-------------------------+-----
Fighting       | 2 3 4 5 6 |  6.1
Armour         | 1 2 3 4 5 |  5.2
Dodging        | 3 4 |  4.0
Invocations    | 1 3 4 |  4.4
Stealth        | 2 3 |  3.1
Staves         | |  2.6
Throwing       | |  1.7

Action                   |  1- 3 |  4- 6 |  7- 9 || total
-------------------------+-------+-------+-------++-------
Melee: Quarterstaff      |    93 |    87 |   114 ||   294
       Tailslap          |    10 |     7 |    13 ||    30
Throw: Throwing net      |     1 |     1 |       ||     2
  Use: Scroll            |       |    10 |     2 ||    12
 Stab: Sleeping          |     2 |       |     2 ||     4
       Held in net/web   |     1 |       |       ||     1
Armor: Leather armour    |    39 |    58 |    72 ||   169
Dodge: Dodged            |    36 |    33 |    54 ||   123

Table legend: (Time is in decaauts)
 A = Elapsed time spent in this place.
 B = Non-inter-level travel time spent in this place.
 C = Inter-level travel time spent in this place.
 D = Time resting spent in this place.
 E = Time spent auto-exploring this place.
 F = Levels seen in this place.
 G = Mean time per level.
                   A        B        C        D        E       F      G
               +--------+--------+--------+--------+--------+-----+--------+
         Total |   4110 |   3914 |    196 |     46 |   3164 |   6 |  685.0 |
       Dungeon |   4110 |   3914 |    196 |     46 |   3164 |   6 |  685.0 |
               +--------+--------+--------+--------+--------+-----+--------+

Top non-repeatable levels by time:
     D:4: 894 daAuts
     D:5: 845 daAuts
     D:3: 818 daAuts
     D:2: 704 daAuts
     D:1: 585 daAuts
     D:6: 262 daAuts
